 Dungeon Crawl Stone Soup version 0.31-a0-217-g58bb5d79cf (webtiles) character file.

Game seed: 1865411157407647760

367 qw the Shield-Bearer (level 6, -2/37 HPs)
             Began as a Gargoyle Fighter on July 2, 2023.
             Was an Initiate of Okawaru.
             Slain by an ice beast (10 damage)
             ... on level 5 of the Dungeon.
             The game lasted 00:01:30 (2581 turns).

qw the Shield-Bearer (Gargoyle Fighter)             Turns: 2581, Time: 00:01:31

Health: -2/37      AC: 13    Str: 22    XL:     6   Next: 69%
Magic:  6/6        EV:  7    Int:  8    God:    Okawaru [......]
Gold:   161        SH:  8    Dex:  9    Spells: 5/5 levels left

rFire   . . .        Y - +0 war axe
rCold   . . .        e - +0 kite shield
rNeg    + . .        j - +0 chain mail
rPois   inf          (no helmet)
rElec   +            (no cloak)
rCorr   .            (no gloves)
SInv    .            (no boots)
Will    .....        h - amulet of the Firefly {Faith rElec} Stlth
                     (no ring)
HPRegen 0.26/turn    (no ring)
MPRegen 0.10/turn

%: faith
@: no status effects
A: sickness immunity, AC +4, negative energy resistance 1, electricity
resistance, torment resistance 1, petrification resistance
a: Renounce Religion


You were on level 5 of the Dungeon.
You worshipped Okawaru.
Okawaru was noncommittal.
You visited 2 branches of the dungeon, and saw 6 of its levels.

You collected 161 gold pieces.


Innate Abilities, Weirdness & Mutations

You are immune to sickness and miasma.
Your stone body is resilient. (AC +4)
You are immune to poison.
You resist negative energy. (rN+)
You are resistant to electric shocks. (rElec)
You are resistant to unholy torment.
You are immune to petrification.


   Skills:
 + Level 3.4 Fighting
 - Level 5.2 Axes
 - Level 3.2 Armour
 - Level 5.2 Shields


You had 5 spell levels left.
You didn't know any spells.
Your spell library was empty.

Inventory:

Hand Weapons
 o - a +0 mace
 Y - a +0 war axe (weapon)
Missiles
 m - 5 boomerangs (quivered)
Armour
 e - a +0 kite shield (worn)
 j - a +0 chain mail (worn)
Jewellery
 h - the amulet of the Firefly (around neck) {Faith rElec}
   (You found it on level 2 of the Dungeon)

   [amulet of faith]

   It allows you to gain divine favour quickly.
   rElec:     It insulates you from electricity.
Scrolls
 b - a scroll of identify
 n - 2 scrolls of teleportation
Potions
 a - a potion of curing
 c - a potion of ambrosia {unknown}
 d - a potion of might
 g - a potion of haste
 i - a potion of magic
 k - a potion of invisibility {unknown}
 l - a potion of heal wounds {unknown}

Dungeon Overview and Level Annotations

Branches:
Dungeon (5/15)             Temple (1/1) D:4

Altars:
Ashenzari
Cheibriados
Fedhas
Gozag
Hepliaklqana
Kikubaaqudgha
Nemelex Xobeh
Okawaru
Qazlal
Ru
Trog
Uskayaw
Vehumet
Wu Jian
Xom
Yredelemnul
Zin
The Shining One


Message History

You barely miss the gnoll.
The gnoll shouts!
The gnoll closely misses you. The gnoll hits you with a +0 spear.
You slash the gnoll!
The gnoll is severely wounded.
You closely miss the gnoll. The gnoll closely misses you.
The gnoll hits you but does no damage.
You barely miss the gnoll.
The gnoll is severely wounded.
You hit the gnoll.
The gnoll hits you from afar with a +0 halberd.
The gnoll hits you with a +0 spear.
The gnoll hits you but does no damage. x3
The ice beast hits you but does no damage.
You block the gnoll's attack.
You slash the gnoll!
You kill the gnoll!
Okawaru accepts your kill.
You hit the gnoll. You slash the ice beast! You closely miss the gnoll.
You block the gnoll sergeant's attack.
The ice beast hits you but does no damage.
The gnoll hits you with a +0 spear! The gnoll hits you with a +0 flail.
You closely miss the gnoll.
The gnoll is heavily wounded.
You slash the gnoll! You hit the ice beast but do no damage.
You barely miss the gnoll.
The gnoll sergeant hits you but does no damage.
The ice beast hits you but does no damage.
The gnoll hits you with a +0 spear.
The gnoll hits you but does no damage. x2
You closely miss the gnoll.
The gnoll is heavily wounded.
You hit the ice beast. You hit the gnoll but do no damage. You hit the gnoll.
The gnoll hits you from afar with a +0 halberd.
The gnoll sergeant hits you but does no damage.
The ice beast hits you but does no damage.
The gnoll barely misses you. x2; The gnoll closely misses you.
The gnoll hits you with a +0 flail. You block the gnoll's attack. x2
The gnoll hits you but does no damage.
The gnoll sergeant hits you but does no damage.
The ice beast hits you. The ice beast freezes you!
You die...

####### ..
#.....##..
..........
.........
.....$. ####
#gg..#
#...##gg..#
#....g@Y..#
#.........#
#.........#
#######'###
...###...##
#..........+
#..........#
.
#..........#
.
#....####..#
.#


You could see an ice beast, a gnoll sergeant and 4 gnolls.

Vanquished Creatures
  A bullfrog (D:4)
  A sleepcap (D:4)
  A hound (D:4)
  2 iguanas (D:4)
  Natasha (twice) (D:4)
  A gnoll (D:5)
  5 adders
  A worm (D:2)
  2 dart slugs
  3 orcs
  7 endoplasms
  3 giant cockroaches
  5 goblins
  6 hobgoblins
  8 jackals
  4 kobolds
  2 quokkas
  10 ball pythons
  4 bats
  3 frilled lizards
  8 rats
79 creatures vanquished.

Notes
Turn   | Place    | Note
-------+----------+-------------------------------------------
     0 | D:1      | qw the Gargoyle Fighter began the quest for the Orb.
     0 | D:1      | Reached XP level 1. HP: 14/14 MP: 1/1
     0 | D:1      | 0 ||| qw: Version: 0.3-a-40-ge99b1a8
     0 | D:1      | 0 ||| qw: Game counter: 226
     0 | D:1      | 0 ||| qw: Melee chars always use a shield: true
     0 | D:1      | 0 ||| qw: God list: Okawaru
     0 | D:1      | 0 ||| qw: Allow faded altars: false
     0 | D:1      | 0 ||| qw: Do Orc after clearing Dungeon:15 true
     0 | D:1      | 0 ||| qw: Do second Lair branch before Depths: true
     0 | D:1      | 0 ||| qw: Lair rune preference: random
     0 | D:1      | 0 ||| qw: Goals: Normal, Zot:1-4, Slime:5, God:TSO, Crypt,
                  | Tomb, Abyss, Pan, Hells, Win
     0 | D:1      | 0 ||| PLANNING D:1-11
   177 | D:1      | Reached XP level 2. HP: 14/19 MP: 2/2
   659 | D:1      | Reached skill level 3 in Axes
   766 | D:1      | 766 ||| UPGRADING to +0 kite shield.
   776 | D:1      | 776 ||| DROPPING +0 buckler.
   777 | D:1      | 777 ||| READING scroll labelled HANWIR SURAEPP.
   781 | D:1      | 781 ||| READING scroll labelled LINEEJ MUIXZUS.
   782 | D:1      | 782 ||| READING scroll labelled BAYDYMUDOAH.
   783 | D:1      | 783 ||| DRINKING 2 viscous yellow potions.
   870 | D:2      | 870 ||| Stepping ~*~*~tactically~*~*~ (stealth).
   872 | D:2      | 872 ||| Stepping ~*~*~tactically~*~*~ (hiding).
   878 | D:2      | Reached XP level 3. HP: 23/23 MP: 3/3
   936 | D:2      | Identified the amulet of the Firefly {Faith rElec}
   959 | D:2      | 959 ||| Stepping ~*~*~tactically~*~*~ (stealth).
  1167 | D:2      | Reached XP level 4. HP: 28/28 MP: 4/4
  1187 | D:2      | 1187 ||| Stepping ~*~*~tactically~*~*~ (stealth).
  1377 | D:2      | 1377 ||| UPGRADING to +0 chain mail.
  1387 | D:2      | 1387 ||| DROPPING +0 scale mail.
  1388 | D:2      | 1388 ||| UPGRADING to amulet of the Firefly {Faith rElec}.
  1535 | D:3      | Found a broken altar of Ashenzari.
  1580 | D:3      | 1580 ||| DROPPING +0 whip.
  1776 | D:3      | Found a faded altar of an unknown god.
  1805 | D:3      | 1805 ||| READING 3 scrolls labelled VISUOMYROMY.
  1806 | D:3      | 1806 ||| READING 2 scrolls of identify.
  1806 | D:3      | 1806 ||| IDENTIFYING purple potion
  1817 | D:4      | Noticed Natasha
  1817 | D:4      | Found a hide-covered altar of Uskayaw.
  1818 | D:4      | Killed Natasha
  1819 | D:4      | Reached XP level 5. HP: 32/32 MP: 5/5
  1970 | D:4      | Found a staircase to the Ecumenical Temple.
  1971 | D:4      | 1971 ||| PLANNING TEMPLE
  1971 | D:4      | 1971 ||| READING scroll labelled GOIKOY QUIS.
  1979 | Temple   | Entered the Ecumenical Temple
  1980 | Temple   | 1980 ||| PLANNING OKAWARU WORSHIP
  1996 | Temple   | Became a worshipper of Warmaster Okawaru
  1997 | Temple   | 1997 ||| PLANNING D:1-11
  2074 | D:4      | Reached XP level 6. HP: 33/37 MP: 6/6
  2210 | D:4      | Noticed Natasha
  2224 | D:4      | Killed Natasha
  2324 | D:4      | Found a radiant altar of Vehumet.
  2337 | D:4      | 2337 ||| Stepping ~*~*~tactically~*~*~ (stealth).
  2537 | D:4      | 2537 ||| READING 2 scrolls of identify.
  2537 | D:4      | 2537 ||| IDENTIFYING grey potion
  2555 | D:5      | Entered Level 5 of the Dungeon
  2573 | D:5      | Noticed an ice beast
  2581 | D:5      | HP: 8/37 [ice beast (3)]
  2581 | D:5      | Slain by an ice beast

Levels and vault maps discovered:
D:1:      reono_arrival_mine, layout_basic, chequers_arboretum
D:2:      layout_rooms, minmay_fractal_squares_gapless_5
D:3:      layout_basic, overflow_temple_1_default,
          hellmonk_ecumenical_altar_inner_sanctum
D:4:      layout_rooms, overflow_temple_1_default, lemuel_doored_altar,
          minmay_temple_entry_waves, kennysheep_generic_room_10, uniq_natasha
D:5:      layout_gridville
Temple:   minmay_freezing_vapour_temple

Skill      XL: |  1  2  3  4  5  6 |
---------------+-------------------+-----
Axes           | 2 3 4 5 |  5.2
Shields        | 4 5 |  5.2
Fighting       | |  3.4
Armour         | |  3.2

Action                     |  1- 3 |  4- 6 || total
---------------------------+-------+-------++-------
  Melee: War axe           |   124 |   126 ||   250
  Throw: Boomerang         |    26 |    52 ||    78
    Use: Scroll            |     3 |     4 ||     7
         Potion            |     1 |       ||     1
 Armour: Scale mail        |    54 |       ||    54
         Chain mail        |       |    86 ||    86
  Dodge: Dodged            |    48 |    46 ||    94
  Block: Buckler           |    10 |       ||    10
         Kite shield       |    27 |    59 ||    86

Table legend:
 A = Non-vault XP
 B = Vault XP
 C = Vault XP percentage of total XP
 D = Non-vault monster count
 E = Vault monster count
 F = Vault count percentage of total count
                 A         B        C        D         E       F
            +---------+---------+-------+---------+---------+-------
      Total |     481 |      44 |   8.4 |      73 |       6 |   7.6
            +---------+---------+-------+---------+---------+-------
        D:1 |      31 |       0 |   0.0 |      18 |       0 |   0.0
        D:2 |      56 |       7 |  11.1 |      19 |       4 |  17.4
        D:3 |      60 |       0 |   0.0 |      21 |       0 |   0.0
        D:4 |     319 |      37 |  10.4 |      14 |       2 |  12.5
        D:5 |      15 |       0 |   0.0 |       1 |       0 |   0.0
            +---------+---------+-------+---------+---------+-------
